 Dungeon Crawl Stone Soup version 0.27.0-66-gdc8fb28755 (webtiles) character file.

Game seed: 5612000642659665107

732 Spectrina the Nimble (level 7, -1/40 HPs)
             Began as a Vampire Delver on Aug 19, 2021.
             Slain by a water moccasin skeleton (4 damage)
             ... on level 4 of the Dungeon.
             The game lasted 00:04:16 (404 turns).

Spectrina the Nimble (Vampire Delver)                Turns: 404, Time: 00:04:16

Health: -1/40      AC:  3    Str: 11    XL:     7   Next: 45%
Magic:  7/7        EV: 19    Int: 12    God:
Gold:   46         SH:  0    Dex: 18    Spells: 6/6 levels left

rFire    . . .     SeeInvis +   a - +0 short sword
rCold    + + +     Faith    .   (no shield)
rNeg     + + +     Spirit   .   b - +0 leather armour
rPois    ∞         Reflect  .   (no helmet)
rElec    .         Harm     .   (no cloak)
rCorr    .         Rampage  .   (no gloves)
Will     .....                  (no boots)
Stlth    +++++++...             (no amulet)
HPRegen  0.00/turn              m - ring of protection from cold
MPRegen  0.10/turn              (no ring)

@: attractive, bloodless, inhibited regen, hasted, very quick
A: bloodless, fangs 3, see invisible, vampiric 2
a: Bat Form, Revivify


You were on level 4 of the Dungeon.
You visited 1 branch of the dungeon, and saw 3 of its levels.

You collected 46 gold pieces.

Inventory:

Hand Weapons
 a - a +0 short sword (weapon)
 k - a +0 dagger
Missiles
 h - 5 curare-tipped darts (quivered)
 i - 19 arrows
 l - 52 stones
 o - a throwing net
 q - 16 sling bullets
 r - 7 poisoned darts
Armour
 b - a +0 leather armour (worn)
Jewellery
 m - a ring of protection from cold (left hand)
Wands
 g - a wand of digging (9)
Scrolls
 c - a scroll of fog
 d - a scroll of magic mapping
 e - a scroll of fear
 j - a scroll of summoning {unknown}
 s - a scroll of identify {unknown}


   Skills:
 - Level 2.6 Fighting
 - Level 2.1 Short Blades
 - Level 13.2 Dodging
 + Level 12.3 Stealth


You had 6 spell levels left.
You didn't know any spells.
Your spell library was empty.

Dungeon Overview and Level Annotations

Branches:
Dungeon (6/15)
 Temple: D:4-7

Altars:

Shops:
D:5 *


Innate Abilities, Weirdness & Mutations

You do not regenerate when monsters are visible.
You are frail without blood (-20% HP).
You can heal yourself when you bite living creatures.
You are immune to poison.
You have razor-sharp teeth.
You have supernaturally acute eyesight. (SInv)
You are afflicted with vampirism and can become a bat while bloodless.


Message History

The kobold closely misses you.
You hit the water moccasin skeleton.
The water moccasin skeleton is moderately damaged.
The water moccasin skeleton bites you. The kobold hits you with a +0 club.
The water moccasin skeleton bites you.
You hit the water moccasin skeleton.
The water moccasin skeleton is moderately damaged.
The water moccasin skeleton closely misses you.
The kobold barely misses you.
You hit the water moccasin skeleton.
The water moccasin skeleton is heavily damaged.
The water moccasin skeleton closely misses you.
You barely miss the water moccasin skeleton.
The water moccasin skeleton is heavily damaged.
The water moccasin skeleton bites you.
* * * LOW HITPOINT WARNING * * *
The water moccasin skeleton barely misses you.
It was a potion of attraction.
You feel attractive to monsters. The water moccasin skeleton bites you.
* * * LOW HITPOINT WARNING * * *
Unknown command.
It was a potion of experience.
You feel more experienced!
Your Dodging skill gained 11 levels and is now at level 13!
You have reached level 7!
The water moccasin skeleton completely misses you.
The kobold is pulled toward you!
Unknown command.
Okay, then.
Okay, then.
You barely miss the water moccasin skeleton.
Your bite misses the water moccasin skeleton.
The water moccasin skeleton is heavily damaged.
The water moccasin skeleton bites you but does no damage.
Unknown command.
Okay, then.
Okay, then.
You feel yourself speed up. The water moccasin skeleton bites you.
You die...

###$.# #....#
##....# #.....#
#....# .. #....#
..Z #..#
...#########Z#####
g.........##.@...#
.g........##....##
................#
g...............#
..........#...###
.......#..##..###
.......#..#.....#
..#.#.##...[†..##
. # ## #.....###


You could see a water moccasin skeleton.

Vanquished Creatures
  Grinder (D:6)
  An ogre (D:5)
  A jelly (D:5)
  4 gnolls (D:5)
  2 adders (D:5)
  An adder zombie (D:5)
  A worm (D:5)
  2 orcs
  A ball python (D:4)
14 creatures vanquished.

Notes
Turn   | Place    | Note
-------+----------+-------------------------------------------
     0 | D:5      | Spectrina the Vampire Delver began the quest for the Orb.
     0 | D:5      | Reached XP level 1. HP: 17/17 MP: 1/1
     4 | D:5      | Noticed an ogre
    45 | D:6      | Noticed Grinder
    52 | D:6      | Paralysed by Grinder for 2 turns
    67 | D:6      | Killed Grinder
    68 | D:6      | Reached XP level 2. HP: 4/18 MP: 2/2
    68 | D:6      | Gained mutation: You are afflicted with vampirism and can
                  | become a bat while bloodless. [Vampire growth]
    68 | D:6      | Reached XP level 3. HP: 5/22 MP: 3/3
    68 | D:6      | Reached XP level 4. HP: 6/27 MP: 4/4
    68 | D:6      | Reached XP level 5. HP: 7/31 MP: 5/5
   108 | D:5      | Found Necvoc's General Store.
   234 | D:5      | Killed an ogre
   235 | D:5      | Reached XP level 6. HP: 36/36 MP: 6/6
   402 | D:4      | Reached skill level 13 in Dodging
   402 | D:4      | Reached XP level 7. HP: 3/40 MP: 7/7
   404 | D:4      | Slain by a water moccasin skeleton

Illustrated notes

Levels and vault maps discovered:
D:4:      minmay_opposing_rooms, layout_cave_pools, serial_shops, shop
D:5:      layout_loops_cross, serial_shops, nicolae_shop_stone,
          chequers_serial_rivers_marsh
D:6:      layout_cave_pools, uniq_grinder

Skill      XL: |  1  2  3  4  5  6 |
---------------+-------------------+-----
Stealth        | 11 12 | 12.3
Dodging        | 13 | 13.2
Fighting       | |  2.6
Short Blades   | |  2.1

Action                   |  1- 3 |  4- 6 |  7- 9 || total
-------------------------+-------+-------+-------++-------
Melee: Short sword       |    11 |    13 |     1 ||    25
       Dagger            |     1 |    16 |       ||    17
       Bite              |       |     1 |       ||     1
Throw: Dart              |     3 |       |       ||     3
 Abil: Exsanguinate      |     1 |       |       ||     1
  Use: Potion            |     1 |     2 |     1 ||     4
 Stab: Sleeping          |     2 |    11 |       ||    13
Armor: Leather armour    |     1 |     4 |     1 ||     6
Dodge: Dodged            |     3 |    14 |     1 ||    18
